Map: Catalyst LE

Players

Szkodnik - Winner!

  • Race: Zerg Zerg
  • League: Diamond
  • Spawn Location: 11:00

Dessa

  • Race: Zerg Zerg
  • League: Diamond
  • Spawn Location: 5:00

VOD

Have the link to the VOD?

Description

Time

  • Played on: Dec. 22, 2017, 4:33 p.m.
  • Length: 19:39
Show
View Real Time Build Order
Export as new Build Order

Szkodnik Zerg - Winner!

Build Orders: Hatch First, Lurkers 

Get SALT Encoding   

  12  0:02  Drone  
  13  0:08  Drone  
  14  0:17  Overlord  
  14  0:36  Drone x2  
  14  0:37  Drone  
  17  0:57  Hatchery  
  16  1:05  Drone x2, Extractor  
  17  1:18  Spawning Pool  
  16  1:22  Drone  
  16  1:25  Drone  
  18  1:31  Drone  
  19  1:42  Overlord  
  19  1:53  Drone  
  20  2:05  Queen  
  20  2:08  Drone, Queen  
  23  2:10  Zergling x2  
  23  2:13  Drone  
  27  2:22  Drone  
  28  2:30  Zergling x2  
  28  2:32  Drone  
  28  2:35  Drone  
  28  2:36  Spine Crawler, Metabolic Boost  
  30  2:41  Drone  
  31  2:47  Drone  
  32  3:01  Drone x2  
  32  3:04  Drone  
  35  3:08  Drone  
  36  3:18  Overlord  
  36  3:26  Baneling Nest  
  35  3:31  Baneling Nest  
  35  3:36  Drone  
  35  3:37  Drone x6  
  35  3:38  Queen  
  44  3:42  Overlord  
  44  4:00  Queen  
  46  4:04  Drone x3  
  46  4:07  Extractor  
  47  4:12  Roach Warren  
  47  4:14  Drone  
  47  4:16  Lair, Extractor  
  46  4:36  Zergling x2  
  47  4:44  Drone x4  
  51  4:58  Evolution Chamber  
  50  5:00  Extractor  
  50  5:04  Drone x2  
  51  5:13  Overlord x2  
  51  5:14  Overlord  
  51  5:15  Hatchery  
  50  5:24  Overlord  
  50  5:25  Overlord  
  50  5:34  Drone x4  
  54  5:36  Drone  
  54  5:37  Drone  
  56  5:46  Roach  
  56  5:47  Roach x3  
  64  5:50  Drone x3  
  64  5:55  Zerg Missile Weapons Level 1  
  67  6:08  Roach x3  
  73  6:16  Drone x2  
  75  6:19  Overseer  
  75  6:20  Drone  
  76  6:26  Drone  
  76  6:27  Drone  
  76  6:28  Drone  
  79  6:38  Drone x3  
  84  6:40  Drone x2  
  84  6:48  Drone  
  84  6:52  Drone x2  
  87  7:05  Roach x3  
  87  7:06  Roach x2  
  97  7:11  Hydralisk Den, Evolution Chamber  
  97  7:14  Hatchery  
  94  7:18  Drone x2  
  94  7:19  Drone x2  
  98  7:27  Overlord x3  
  98  7:33  Extractor  
  97  7:42  Overlord  
  97  7:43  Overlord  
  96  7:46  Roach  
  96  7:47  Roach x8  
  96  7:48  Roach x2  
  117  7:55  Spine Crawler  
  117  7:57  Spine Crawler  
  115  8:04  Roach x7  
  129  8:10  Extractor  
  129  8:11  Roach x2  
  129  8:12  Zerg Missile Weapons Level 2  
  132  8:14  Muscular Augments  
  132  8:16  Glial Reconstitution  
  132  8:19  Ravager x3  
  135  8:20  Roach  
  135  8:25  Spine Crawler  
  137  8:29  Overlord x4  
  137  8:30  Overlord  
  137  8:39  Overlord  
  137  8:40  Overlord x2  
  129  8:57  Roach x5  
  129  8:58  Roach x6  
  154  9:10  Roach x3  
  154  9:12  Zerg Ground Armor Level 1  
  156  9:19  Roach x2  
  156  9:20  Hatchery  
  156  9:21  Hydralisk  
  156  9:22  Hydralisk x2  
  165  9:29  Overseer  
  165  9:31  Roach x2  
  169  9:43  Roach x3  
  175  9:47  Hydralisk  
  175  9:48  Hydralisk x3  
  175  9:52  Lurker Den  
  182  9:57  Roach  
  182  9:58  Roach x4  
  192  10:03  Roach  
  192  10:05  Roach  
  167  10:11  Roach x2  
  145  10:16  Roach x2  
  145  10:17  Roach x5  
  145  10:20  Roach  
  145  10:21  Roach x3  
  145  10:32  Hydralisk  
  145  10:33  Hydralisk x3  
  153  10:49  Roach x2  
  161  10:50  Roach x4  
  161  10:52  Drone x2  
  161  10:53  Drone x3  
  170  11:08  Pneumatized Carapace, Hydralisk x2  
  170  11:09  Hydralisk x7  
  188  11:19  Lurker x4  
  188  11:22  Overlord x3  
  192  11:32  Spine Crawler  
  191  11:44  Hydralisk x3  
  191  11:46  Hydralisk  
  199  11:48  Extractor  
  199  11:51  Hydralisk  
  199  11:54  Extractor  
  199  12:03  Zerg Ground Armor Level 2  
  171  12:31  Roach  
  171  12:33  Overlord x2  
  173  12:37  Drone x3  
  173  12:43  Hydralisk  
  142  12:48  Roach x7  
  142  12:49  Roach x22  
  142  12:51  Lurker x2  
  166  12:59  Roach x3  
  154  13:08  Roach  
  154  13:09  Roach x6  
  154  13:12  Ravager x4  
  164  13:13  Ravager  
  164  13:15  Overlord  
  164  13:17  Roach  
  167  13:20  Lurker x2  
  167  13:21  Lurker  
  167  13:27  Drone x2  
  172  13:55  Overseer x2  
  172  13:58  Hydralisk x10  
  172  13:59  Hydralisk  
  194  14:08  Infestation Pit  
  193  14:17  Hydralisk x3  
  197  14:40  Hydralisk x4  
  193  14:47  Hydralisk x4  
  193  14:51  Lurker  
  198  15:07  Lurker x2  
  195  15:48  Lurker x4  
  185  16:03  Roach  
  185  16:04  Roach x15  
  192  16:10  Roach x4  
  173  16:24  Roach x4  
  173  16:25  Roach x9  
  193  16:26  Roach x3  
  193  16:29  Ravager  
  185  16:47  Roach x5  
  185  16:48  Roach  
  185  16:49  Roach x5  
  143  16:59  Hydralisk x4  
  142  17:09  Hydralisk  
  142  17:10  Drone, Hydralisk  
  146  17:19  Hatchery  
  144  17:25  Drone, Hydralisk x2  
  137  17:32  Overseer x2  
  127  17:40  Hydralisk  
  127  17:41  Hydralisk x4  
  127  17:42  Lurker x3  
  136  17:45  Roach  
  132  18:08  Roach x8  
  132  18:12  Hydralisk x2  
  130  18:16  Hydralisk  
  132  18:25  Roach x3  
  138  18:32  Roach  
  140  18:40  Hatchery  
  140  18:41  Roach x2  
  143  18:45  Roach  
  145  18:51  Extractor, Roach  
  146  18:56  Queen  
  148  19:04  Roach  
  148  19:07  Overseer  
  150  19:16  Extractor  
Show
View Real Time Build Order
Export as new Build Order

Dessa Zerg 

Build Orders: Pool First, Lurkers 

Get SALT Encoding   

  12  0:01  Drone  
  13  0:13  Overlord  
  13  0:18  Drone  
  14  0:31  Drone x2  
  16  0:36  Drone  
  16  0:39  Extractor  
  16  0:45  Drone  
  17  0:54  Spawning Pool  
  16  0:58  Drone  
  17  1:19  Hatchery  
  17  1:23  Drone  
  17  1:29  Drone  
  17  1:32  Drone  
  19  1:41  Metabolic Boost  
  19  1:49  Queen  
  19  1:53  Zergling x2  
  22  1:59  Overlord  
  22  2:11  Baneling Nest  
  21  2:19  Zergling x2  
  21  2:20  Drone  
  23  2:29  Queen  
  25  2:33  Queen  
  27  2:39  Drone  
  27  2:41  Drone  
  29  2:45  Drone  
  29  2:50  Drone  
  29  2:51  Drone  
  31  2:59  Drone x2  
  31  3:05  Overlord  
  33  3:14  Zergling x2  
  33  3:15  Overlord  
  33  3:18  Drone x2  
  36  3:20  Extractor  
  36  3:21  Drone  
  36  3:27  Zergling x4  
  36  3:32  Drone  
  39  3:37  Baneling x2  
  39  3:40  Drone x3  
  42  3:50  Drone x3, Overlord  
  45  4:08  Drone x3  
  48  4:13  Roach Warren  
  47  4:17  Overlord  
  47  4:20  Overlord  
  47  4:22  Lair  
  47  4:39  Hatchery  
  47  4:42  Hatchery  
  45  4:55  Roach x3  
  45  4:56  Roach  
  45  4:58  Drone  
  54  5:02  Drone x2, Overlord  
  54  5:04  Evolution Chamber  
  54  5:05  Drone x2, Evolution Chamber  
  54  5:06  Extractor  
  55  5:07  Extractor  
  55  5:09  Zergling x4  
  58  5:14  Roach x2  
  58  5:20  Drone  
  60  5:37  Overlord  
  60  5:39  Zerg Ground Armor Level 1, Zerg Missile Weapons Level 1  
  60  5:40  Overlord  
  60  5:41  Roach x4  
  68  5:48  Drone  
  69  5:51  Glial Reconstitution  
  69  5:57  Queen  
  69  5:58  Drone x2  
  69  5:59  Drone  
  74  6:11  Drone x3  
  76  6:12  Drone  
  76  6:15  Drone x2, Hydralisk Den  
  76  6:16  Drone x4  
  83  6:22  Drone  
  83  6:23  Drone  
  84  6:36  Ravager x2  
  84  6:37  Ravager x4  
  90  6:46  Pneumatized Carapace  
  90  6:59  Drone x5  
  90  7:00  Drone x2, Overlord  
  97  7:02  Roach x4  
  105  7:08  Overlord  
  105  7:17  Overlord  
  105  7:23  Unknown  
  105  7:32  Hydralisk x6  
  105  7:33  Hydralisk x2  
  120  7:44  Overlord  
  120  7:45  Zerg Missile Weapons Level 2  
  120  7:57  Unknown  
  120  7:59  Muscular Augments  
  120  8:02  Extractor  
  120  8:03  Drone x4  
  120  8:04  Drone x3, Extractor  
  120  8:05  Drone x3, Overlord  
  128  8:06  Hatchery  
  127  8:21  Roach, Hydralisk x2  
  127  8:22  Roach x2  
  137  8:41  Unknown  
  137  8:46  Extractor  
  137  8:48  Extractor  
  125  9:17  Roach x4  
  125  9:18  Roach x2, Overlord  
  125  9:20  Roach x3  
  125  9:21  Roach x4  
  151  9:34  Overlord  
  151  9:35  Overlord x2, Queen  
  153  9:45  Roach x3  
  159  9:46  Zerg Ground Armor Level 2, Overlord x2  
  135  10:10  Roach x6  
  135  10:11  Roach x7  
  139  10:25  Lurker Den  
  139  10:26  Hydralisk x4  
  146  10:50  Ravager x6  
  146  10:51  Overlord x2  
  152  10:57  Drone  
  152  10:58  Drone x2  
  152  11:00  Drone x3  
  158  11:12  Infestation Pit  
  157  11:30  Drone  
  158  11:36  Hydralisk x6  
  158  11:37  Hydralisk x3  
  176  11:40  Hatchery  
  175  11:53  Spine Crawler  
  174  11:54  Spine Crawler  
  174  11:55  Drone x3, Spine Crawler  
  175  12:02  Lurker x4  
  175  12:03  Lurker  
  175  12:07  Lurker x2  
  138  12:38  Overseer  
  138  12:39  Overseer  
  138  12:41  Roach x6  
  138  12:55  Roach x2, Hydralisk x4  
  138  12:56  Roach x3  
  131  13:08  Roach, Hydralisk x5  
  131  13:09  Roach x6, Hydralisk x2  
  131  13:10  Roach  
  161  13:14  Hive  
  161  13:29  Lurker  
  161  13:30  Lurker x5  
  161  13:31  Extractor, Hatchery  
  165  13:35  Extractor  
  161  13:53  Roach x8  
  161  13:54  Roach x7  
  191  14:29  Hatchery  
  190  14:43  Overlord  
  183  15:03  Roach x4  
  184  15:09  Adaptive Talons  
  180  15:23  Overseer  
  172  15:46  Roach x2  
  172  15:47  Roach x7, Hydralisk x2  
  172  15:48  Hydralisk  
  166  16:16  Roach x6  
  163  16:24  Lurker x3  
  163  16:25  Lurker  
  164  16:28  Hydralisk x3  
  164  16:29  Hydralisk x3  
  142  16:48  Roach  
  142  16:49  Roach x4  
  122  17:05  Roach x4  
  122  17:06  Roach x2  
  122  17:32  Roach  
  122  17:33  Roach x3  
  130  17:52  Roach x2  
  130  17:53  Roach x4  
  130  17:57  Hatchery  
  127  18:19  Hydralisk  
  125  18:20  Roach x3, Hydralisk  
  125  18:21  Roach  
  127  18:36  Hydralisk  
  127  18:37  Roach x3, Hydralisk x3  
  127  18:38  Roach  
  119  18:49  Lurker x2  
  119  18:50  Hydralisk x3  
  119  18:55  Overseer  
  127  19:10  Lurker x4  
Tags
 
Composition
LurkersLurkers
Matchup
ZvZ
Race
Zerg
Replay Pack
2017S4
Spawn Locations
Cross Positions
Add a new tag
Caveats
  • Supply blocks, unpowered buildings, or Contaminate may cause inaccurate times.
  • Supply counts are checked every 10 seconds.